 Dungeon Crawl Stone Soup version 0.28-a0-519-gbfeecf2fc5 (webtiles) character file.

Game seed: 4347229498753497711

125 mg7810 the Slasher (level 4, -3/35 HPs)
             Began as a Demonspawn Monk on Sept 23, 2021.
             Slain by Pikel (4 damage)
             ... on level 4 of the Dungeon.
             The game lasted 00:09:52 (3305 turns).

mg7810 the Slasher (Demonspawn Monk)                Turns: 3305, Time: 00:09:53

Health: -3/35      AC: 17    Str: 11 (12) XL:     4   Next: 82%
Magic:  4/4        EV:  2    Int:  8 (11) God:
Gold:   181        SH:  0    Dex: 15 (16) Spells: 3/3 levels left

rFire   . . .      SeeInvis .   a - +0 falchion
rCold   . . .      Faith    .   (no shield)
rNeg    . . .      Spirit   .   e - +0 plate armour
rPois   .          Reflect  .   f - +1 helmet
rElec   .          Harm     .   k - +0 cloak
rCorr   .          Rampage  .   (no gloves)
Will    .....                   (no boots)
Stlth   ..........              (no amulet)
HPRegen 0.11/turn               d - +4 ring of protection
MPRegen 0.09/turn               (no ring)

@: no status effects
A: hooves 1, demonic magic 1
a: no special abilities


You were on level 4 of the Dungeon.
You visited 1 branch of the dungeon, and saw 4 of its levels.

You collected 181 gold pieces.

Inventory:

Hand Weapons
 a - a +0 falchion (weapon)
Missiles
 b - 31 poisoned darts (quivered)
Armour
 e - a +0 plate armour (worn)
 f - a +1 helmet (worn)
 k - a +0 cloak (worn)
Jewellery
 d - a +4 ring of protection (left hand)
 n - a ring of protection from fire
 p - a ring of magical power
Wands
 c - a wand of digging (6)
Scrolls
 g - a scroll of holy word {unknown}
 i - a scroll of magic mapping
 l - a scroll of teleportation


   Skills:
 + Level 3.3 Fighting
 + Level 3.5 Long Blades
 * Level 0.9 Throwing
 * Level 1.7 Armour
 + Level 3.0 Dodging
 - Level 1.7 Stealth
 * Level 1.4 Unarmed Combat
 * Level 0.2 Evocations


You had 3 spell levels left.
You didn't know any spells.
Your spell library contained the following spells:

 Spells                   Type           Power      Damage    Failure   Level
 Magic Dart               Conj           0%         1d3       100%        1
 Call Imp                 Summ           0%         N/A       100%        2
 Ensorcelled Hibernation  Hex/Ice        0%         N/A       100%        2
 Gell's Gravitas          Tloc           0%         N/A       100%        3
 Mephitic Cloud           Conj/Pois/Air  0%         N/A       100%        3
 Teleport Other           Tloc           0%         N/A       100%        3
 Tukima's Dance           Hex            0%         N/A       100%        3
 Dispersal                Tloc           0%         N/A       100%        6


Dungeon Overview and Level Annotations

Branches:
Dungeon (4/15)
 Temple: D:4-7

Altars:
Ashenzari
Uskayaw

Annotations:
D:4 Pikel


Innate Abilities, Weirdness & Mutations

You have large cloven feet.
Spells you cast may paralyse adjacent enemies.


Message History

You hit Pikel but do no damage.
Pikel is severely wounded.
Pikel hits you with a +2 whip of flaming.
Pikel burns you.
You barely miss Pikel. Your kick misses Pikel.
Pikel is severely wounded.
Pikel hits you but does no damage.
You closely miss Pikel.
Pikel is severely wounded.
Pikel hits you but does no damage.
You hit Pikel but do no damage.
Pikel is severely wounded.
Pikel hits you but does no damage.
You slash Pikel!
Pikel is almost dead.
Pikel hits you but does no damage.
Your plate armour prevents you from hitting Pikel.
Pikel is almost dead.
Pikel barely misses you.
You hit Pikel.
Pikel is almost dead.
Pikel hits you with a +2 whip of flaming!
Pikel burns you.
You hit Pikel but do no damage. Your kick misses Pikel.
Pikel is almost dead.
Pikel hits you with a +2 whip of flaming.
* * * LOW HITPOINT WARNING * * *
Pikel burns you.
* * * LOW HITPOINT WARNING * * *
You hit Pikel but do no damage. You kick Pikel, but do no damage.
Pikel is almost dead.
Pikel hits you but does no damage.
You hit Pikel but do no damage.
Pikel is almost dead.
Pikel hits you with a +2 whip of flaming.
* * * LOW HITPOINT WARNING * * *
Pikel burns you.
* * * LOW HITPOINT WARNING * * *
Pikel hits you with a +2 whip of flaming.
You die...

##.#####.##..#####..##...#.......
...(...#.##.## ##.# #..........
.<..........# #.# #.##).....#
.......#..### #.###.##.)....#
..((......# ####...(.........#
..!.....#.# ####......##.########
....()..#.###....####..#.########
.......#....#5########.#.........
....†..#.....55K@.........#######
####(.##....##########.#.## #
####5####..## ###...## #
........#5## #......# ..........#
#......# ........### #......#
........# ######## ........#
........#


You could see Pikel and 3 lemures.

Vanquished Creatures
  A lemure (D:4)
  A hound (D:4)
  4 adders
  2 worms (D:4)
  4 ball pythons
  5 bats
  5 endoplasms
  2 giant cockroaches
  7 goblins
  7 hobgoblins
  2 frilled lizards
  7 kobolds
  8 rats
55 creatures vanquished.

Notes
Turn   | Place    | Note
-------+----------+-------------------------------------------
     0 | D:1      | mg7810 the Demonspawn Monk began the quest for the Orb.
     0 | D:1      | Reached XP level 1. HP: 18/18 MP: 1/1
   313 | D:1      | Gained mutation: You have large cloven feet. [demonic
                  | ancestry]
   313 | D:1      | Reached XP level 2. HP: 16/24 MP: 2/2
  1096 | D:2      | Gained mutation: Spells you cast may paralyse adjacent
                  | enemies. [demonic ancestry]
  1096 | D:2      | Reached XP level 3. HP: 23/29 MP: 3/3
  1736 | D:2      | Reached skill level 1 in Armour
  2281 | D:3      | Noticed an eye of devastation
  2283 | D:3      | Found a faded altar of an unknown god.
  2287 | D:3      | Noticed an eye of devastation
  2287 | D:3      | Noticed a great orb of eyes
  2287 | D:3      | Noticed a great orb of eyes
  2300 | D:3      | Reached skill level 1 in Unarmed Combat
  2312 | D:3      | Became a worshipper of Uskayaw the Reveller
  2312 | D:3      | Reached * piety under Uskayaw
  2312 | D:3      | Reached ** piety under Uskayaw
  2411 | D:3      | Reached XP level 4. HP: 35/35 MP: 4/4
  2726 | D:3      | Found a broken altar of Ashenzari.
  2851 | D:3      | Fell from the grace of Uskayaw
  3167 | D:4      | Noticed a lemure
  3183 | D:4      | Paralysed by the fury of Uskayaw for 7 turns
  3214 | D:4      | Killed a lemure
  3269 | D:4      | Noticed Pikel
  3269 | D:4      | Noticed a lemure
  3274 | D:4      | Noticed a lemure
  3291 | D:4      | Noticed a lemure
  3305 | D:4      | HP: 1/35 [Pikel (1)]
  3305 | D:4      | Slain by Pikel

Illustrated notes

Levels and vault maps discovered:
D:1:      beargit_arrival_diablo_church, layout_basic
D:2:      layout_basic
D:3:      layout_loops_ring, nicolae_ashenzari_panopticon,
          hellmonk_ecumenical_altar_watching_god
D:4:      layout_rooms, uniq_pikel, uniq_eustachio

Skill      XL: |  1  2  3 |
---------------+----------+-----
Long Blades    | 3 |  3.5
Dodging        | 3 |  3.0
Armour         | 1 |  1.7
Unarmed Combat | 1 |  1.4
Fighting       | |  3.3
Throwing       | |  0.9
Stealth        | |  1.7
Evocations     | |  0.2

Action                   |  1- 3 |  4- 6 || total
-------------------------+-------+-------++-------
Melee: Falchion          |   132 |    75 ||   207
       Kick              |    23 |    21 ||    44
       Punch             |       |     1 ||     1
Throw: Dart              |     7 |     6 ||    13
Invok: Renounce Religion |       |     1 ||     1
  Use: Scroll            |     5 |     1 ||     6
       Potion            |       |     4 ||     4
Armor: Robe              |    10 |       ||    10
       Plate armour      |    50 |    65 ||   115
       Ring mail         |     5 |       ||     5
Dodge: Dodged            |    58 |    11 ||    69

Table legend: (Time is in decaauts)
 A = Elapsed time spent in this place.
 B = Non-inter-level travel time spent in this place.
 C = Inter-level travel time spent in this place.
 D = Time resting spent in this place.
 E = Time spent auto-exploring this place.
 F = Levels seen in this place.
 G = Mean time per level.
                   A        B        C        D        E       F      G
               +--------+--------+--------+--------+--------+-----+--------+
         Total |   3340 |   3264 |     76 |      0 |   2508 |   4 |  835.0 |
       Dungeon |   3340 |   3264 |     76 |      0 |   2508 |   4 |  835.0 |
               +--------+--------+--------+--------+--------+-----+--------+

Top non-repeatable levels by time:
     D:2: 1145 daAuts
     D:1: 938 daAuts
     D:3: 874 daAuts
     D:4: 381 daAuts
